AoeStats
← eyupfc

Arabia

506822090Analyzed
1v1 RM · 17d ago on Sep 15, 2026· 44m 30s· 2 players
Game mode
Random Map
Map size
Tiny (2 player)
Population
200
Speed
Normal
Resources
Standard
Victory
Conquest
Starting age
Dark Age
Ending age
Imperial Age
RankedLock teamsTeams togetherTeam positionsShared explorationLock speedFull tech treeHidden civsTurbo modeCheats
Victory
Defeat
🇦🇺 Huns · Australia
1293
+14
🇹🇷 Koreans · Türkiye
1244
-14
eyupfc
6:34 Loom
9:26 Feudal Age
15:15 Fletching
15:23 Horse Collar
19:42 Wheelbarrow
22:27 Castle Age
22:13 Double-Bit Axe
22:20 Gold Mining
23:27 Bow Saw
23:14 Bodkin Arrow
22:53 Crossbowman
25:45 Ballistics
27:41 Elite Skirmisher
42:16 Imperial Age
41:02 Eupseong
44:09 Chemistry
Dren
6:07 Loom
9:00 Feudal Age
9:40 Double-Bit Axe
13:46 Horse Collar
14:03 Gold Mining
15:31 Wheelbarrow
17:27 Fletching
18:32 Padded Archer Armor
21:41 Castle Age
21:12 Bloodlines
22:22 Bodkin Arrow
22:42 Husbandry
22:58 Bow Saw
23:41 Leather Archer Armor
28:00 Hand Cart
30:59 Heavy Plow
31:24 Stone Mining
32:43 Gold Shaft Mining
33:01 Ballistics
39:04 Imperial Age
37:54 Scale Barding Armor
38:00 Forging
39:49 Bracer
41:12 Two-Man Saw
40:13 Cavalier
41:47 Parthian Tactics
41:31 Thumb Ring
43:17 Chain Barding Armor
44:00 Conscription
44:13 Heavy Cavalry Archer
Connection lost

Rejoining the realm…

Still unreachable

The connection could not be restored.

Session expired

The server has moved on; the page needs a fresh start.